 Dungeon Crawl Stone Soup version 0.19-b1-3-g7dea586 (webtiles) character file.

221 lorenzova the Sneak (level 5, 0/24 HPs)
             Began as a Spriggan Enchanter on Oct 30, 2016.
             Slain by a jackal (2 damage)
             ... on level 4 of the Dungeon.
             The game lasted 00:09:17 (3882 turns).

lorenzova the Sneak (Spriggan Enchanter)            Turns: 3882, Time: 00:09:18

Health: 0/24       AC:  3    Str:  4      XL:     5   Next: 65%
Magic:  10/22      EV: 18    Int: 13 (16) God:
Gold:   115        SH:  0    Dex: 16 (18) Spells: 3 memorised, 7 levels left

rFire  . . .     SeeInvis +     x - +0 dagger (protect)
rCold  . . .     Gourm    .     b - +1 robe
rNeg   . . .     Faith    .     (shield restricted)
rPois  .         Spirit   .     (helmet restricted)
rElec  .         Reflect  .     (no cloak)
rCorr  .         Harm     .     (gloves unavailable)
MR     .....                    (boots unavailable)
Stlth  +++.......               (no amulet)
                                (no ring)
                                e - ring of magical power

@: very slightly contaminated, starving, very quick
A: unfitting armour, see invisible, herbivore 3, speed 3, screaming 1, slow
metabolism 2
a: no special abilities


You were on level 4 of the Dungeon.
You were starving.

You visited 1 branch of the dungeon, and saw 4 of its levels.

You collected 115 gold pieces.

Inventory:

Hand Weapons
 a - a +1 dagger
 m - a +2 dagger of distortion
 o - a +0 dagger of draining
 x - a +0 dagger of protection (weapon)
Armour
 b - a +1 robe (worn)
Jewellery
 e - a ring of magical power (left hand)
Wands
 v - a wand of flame (16/48)
Scrolls
 f - a scroll of enchant armour {unknown}
 h - a scroll of blinking {unknown}
 i - 3 scrolls of magic mapping {unknown}
 k - a scroll of fog {unknown}
 l - 3 scrolls of remove curse {unknown}
 q - 4 scrolls of identify {unknown}
 s - a scroll of recharging {unknown}
 t - 2 scrolls of teleportation {unknown}
 u - a scroll of immolation {unknown}
 y - a scroll of amnesia {unknown}
Potions
 g - a potion of heal wounds
 j - a potion of flight
 n - a potion of resistance
 p - 3 potions of haste {unknown}
 r - a potion of brilliance
Books
 c - a book of Maledictions

   Spells                             Type                      Level
   a - Corona                         Hexes                        1
   b - Ensorcelled Hibernation        Hexes/Ice                    2
   c - Confuse                        Hexes                        3
   d - Tukima's Dance                 Hexes                        3
   e - Dazzling Spray                 Conjuration/Hexes            3
Comestibles
 d - 3 bread rations


   Skills:
 - Level 1.1 Short Blades
 - Level 3.0 Dodging
 + Level 6.4 Stealth
 + Level 4.8 Spellcasting
 + Level 5.4 Hexes


You had 7 spell levels left.
You knew the following spells:

 Your Spells              Type           Power        Failure   Level  Hunger
a - Corona                Hex            ###....      1%          1    None
b - Ensorcelled Hibernat  Hex/Ice        ##....       12%         2    ##.....
c - Confuse               Hex            ###.....     8%          3    ###....


Dungeon Overview and Level Annotations

Branches:
Dungeon (4/15)
 Temple: D:4-7

Altars:
Cheibriados
Fedhas
Qazlal
Zin

Annotations:
D:4 Eustachio


Innate Abilities, Weirdness & Mutations

You are very small and have problems with some larger weapons.
You are too small for most types of armour.
You have supernaturally acute eyesight. (SInv)
You are a herbivore.
You cover ground extremely quickly.
You need consume almost no food.
You occasionally shout uncontrollably at your foes.


Message History

Unknown command.
You start eating one of the 3 bread rations.
Keep eating?
You stop eating.
Eustachio casts a spell.
The jackal closely misses you.
The jackal bites you but does no damage.
You start eating one of the 3 bread rations.
Keep eating?
The jackal closely misses you. The jackal misses you.
The jackal closely misses you.
You continue eating.
The jackal barely misses you. The jackal bites you.
* * * LOW HITPOINT WARNING * * *
The jackal completely misses you.
The shadow imp shouts, "Return whence thou came, thou hateful fat-kidneyed bladder!"
Eustachio mumbles some strange words.
You continue eating.
The jackal misses you. The jackal bites you.
You die...

... #5# #5# #@#
#.# #.##5# #
#.##.##.#
#.##@hr.#
#.##h####
#.##Z# #.##h#
#.##o###... #
#.#.SF.......#
#....###....#
##.#..# ..#
#.....####>!.##


You could see Eustachio, a bullfrog, a howler monkey, an iron imp, an adder, a
white imp, a shadow imp, an orc, 2 jackals, a rat and a jackal skeleton.

Vanquished Creatures
  Jessica (D:3)
  Ijyb (D:2)
  6 adders
  An ooze (D:3)
  A worm (D:4)
  A dart slug (D:2)
  4 leopard geckos (D:1)
  An orc (D:3)
  2 giant cockroaches (D:3)
  13 goblins
  7 hobgoblins
  24 jackals
  3 quokkas
  2 ball pythons
  11 bats
  6 frilled lizards
  6 kobolds
  8 rats
98 creatures vanquished.

Vanquished Creatures (others)
  A jackal (D:1)
1 creature vanquished.

Grand Total: 99 creatures vanquished

Notes
Turn   | Place    | Note
-------+----------+-------------------------------------------
     0 | D:1      | lorenzova the Spriggan Enchanter began the quest for the Orb.
     0 | D:1      | Reached XP level 1. HP: 9/9 MP: 5/5
   177 | D:1      | Reached XP level 2. HP: 6/13 MP: 7/7
   182 | D:1      | Learned a level 2 spell: Ensorcelled Hibernation
  1354 | D:1      | Reached skill level 5 in Stealth
  1354 | D:1      | Reached XP level 3. HP: 15/16 MP: 8/8
  1359 | D:1      | Learned a level 3 spell: Confuse
  1904 | D:2      | Found a blossoming altar of Fedhas.
  1904 | D:2      | Found a stormy altar of Qazlal.
  2355 | D:2      | Reached XP level 4. HP: 20/21 MP: 10/10
  2558 | D:2      | Noticed Ijyb
  2566 | D:2      | Killed Ijyb
  2566 | D:2      | Reached skill level 5 in Hexes
  2587 | D:2      | Gained mutation: You occasionally shout uncontrollably at your foes. [mutagenic glow]
  2979 | D:2      | Found a glowing silver altar of Zin.
  3132 | D:2      | Found a faded altar of an unknown god.
  3219 | D:3      | Reached XP level 5. HP: 24/24 MP: 12/12
  3250 | D:3      | Reached skill level 6 in Stealth
  3345 | D:3      | Noticed Jessica
  3370 | D:3      | Killed Jessica
  3774 | D:3      | Found a snail-covered altar of Cheibriados.
  3838 | D:4      | Noticed Eustachio
  3882 | D:4      | Slain by a jackal

Skill      XL: |  1  2  3  4  5 |
---------------+----------------+-----
Spellcasting   | 3 4 |  4.8
Hexes          | 4 5 |  5.4
Stealth        | 5 6 |  6.4
Short Blades   | |  1.1
Dodging        | |  3.0

Action                   |  1- 3 |  4- 6 || total
-------------------------+-------+-------++-------
Melee: Dagger            |   162 |   202 ||   364
 Cast: Ensorcelled Hiber |     8 |    30 ||    38
       Corona            |     1 |       ||     1
       Confuse           |       |     8 ||     8
  Use: Potion            |       |     8 ||     8
 Stab: Sleeping          |    13 |    24 ||    37
       Confused          |       |     5 ||     5
  Eat: Royal jelly       |       |     1 ||     1
Armor: Robe              |    28 |    68 ||    96
Dodge: Dodged            |   169 |   302 ||   471
